 Dungeon Crawl Stone Soup version 0.30-a0-1074-g5db6f66fbb (webtiles) character file.

Game seed: 8512502865700595542

223 IdlyInterested the Trooper (level 5, -6/44 HPs)
             Began as a Demonspawn Gladiator on Apr 13, 2023.
             Killed from afar by an electric eel (13 damage)
             ... with a bolt of electricity
             ... on level 3 of the Dungeon.
             The game lasted 00:07:35 (2248 turns).

IdlyInterested the Trooper (Demonspawn Gladiator)   Turns: 2248, Time: 00:07:37

Health: -6/44      AC: 12    Str: 15    XL:     5   Next: 66%
Magic:  14/14      EV: 10    Int:  9    God:
Gold:   166        SH:  0    Dex: 16    Spells: 4/4 levels left

rFire   . . .      SeeInvis .    a - +2 rapier
rCold   . . .      Faith    .    (no shield)
rNeg    . . .      Spirit   .    o - +2 scale mail {rPois}
rPois   +          Reflect  .    c - +0 helmet
rElec   .          Rampage  .    u - +0 cloak
rCorr   .                        (no gloves)
Will    +....                    (no boots)
Stlth   +                        (no amulet)
HPRegen 0.27/turn                b - ring of magical power
MPRegen 0.14/turn                j - ring of willpower

@: invisible
A: hooves 1, slimy green scales 1, demonic guardian 1
a: no special abilities


You were on level 3 of the Dungeon.
You visited 1 branch of the dungeon, and saw 3 of its levels.

You collected 166 gold pieces.

Inventory:

Hand Weapons
 a - a +2 rapier (weapon)
Missiles
 d - 3 throwing nets
 e - a javelin
 g - 41 stones
 i - 14 poisoned darts (quivered)
 q - 2 curare-tipped darts
Armour
 c - a +0 helmet (worn)
 o - a +2 scale mail of poison resistance (worn)
 u - a +0 cloak (worn)
Jewellery
 b - a ring of magical power (left hand)
 j - a ring of willpower (right hand)
Wands
 v - a wand of flame (4)
Scrolls
 f - 3 scrolls of identify
 l - 3 scrolls of teleportation
 m - 3 scrolls of vulnerability
 n - 5 scrolls of poison
 r - a scroll of blinking
 s - a scroll of amnesia {unknown}
Potions
 h - a potion of brilliance
 p - a potion of cancellation
 t - a potion of might


   Skills:
 * Level 5.1 Fighting
 - Level 2.6 Short Blades
 - Level 1.7 Throwing
 - Level 1.0 Armour
 - Level 2.6 Dodging
 + Level 1.6 Stealth
 - Level 1.0 Shields
 - Level 1.0 Evocations


You had 4 spell levels left.
You didn't know any spells.
Your spell library was empty.

Dungeon Overview and Level Annotations

Branches:
Dungeon (3/15)

Altars:
Qazlal

Annotations:
D:3 1 transporter


Innate Abilities, Weirdness & Mutations

You have large cloven feet.
You are partially covered in slimy green scales. (AC +2)
A weak demonic guardian rushes to your aid.


Message History

Aim: an electric eel (steam, severely wounded, unable to see you, ally target, 48% to hit)
The puff of flame hits the electric eel.
You kill the electric eel!
The electric eel shoots out a bolt of lightning at you!
The bolt of electricity misses you.
Your Fighting skill increases to level 5!
You barely miss the electric eel.
Your iron imp hits the electric eel but does no damage.
The electric eel shoots out a bolt of lightning at the electric eel!
The bolt of electricity hits the electric eel.
The electric eel completely resists.
The bolt of electricity hits the electric eel.
The electric eel completely resists.
You hit the electric eel. Your kick misses the electric eel.
The electric eel is lightly wounded.
The electric eel shoots out a bolt of lightning at the electric eel!
The bolt of electricity hits the electric eel.
The electric eel completely resists.
The bolt of electricity hits the electric eel.
The electric eel completely resists.
The electric eel shoots out a bolt of lightning at your iron imp!
The bolt of electricity hits your iron imp.
Your iron imp resists.
You hit the electric eel. You kick the electric eel.
The electric eel is almost dead.
The electric eel shoots out a bolt of lightning at you!
The bolt of electricity hits you!
You barely miss the electric eel. Your kick misses the electric eel.
The electric eel is almost dead.
The electric eel shoots out a bolt of lightning at you!
The bolt of electricity hits you!
* * * LOW HITPOINT WARNING * * *
Unknown command.
You catch the helpless electric eel completely off-guard!
You puncture the electric eel!
You kill the electric eel!
You hear a splash.
The electric eel shoots out a bolt of lightning at you!
The bolt of electricity hits you!
You die...

#....#####.#...## #.# ####.
##......[........#####.# ##....
.......####[...©.......# #.....
.....#.####.#######.#### #.....
....##.##...#8.©.8#..# #.###.
.#..##.##.#.#P.[.P#.[#### #.# #.
.#..##....#.###'###.....####.# #.
.#..##).#...#S.5.†#..........####
[......)..#.#~..@~#..............
##..####..#.#~...~#.........#####
#...####..#.#~.♣.~#.....#...#
.#..........#~...~#.....#...####
#.#.####....#~...~#............#
##..## #.##.#~...~#.##.........#
##...###.##.###+###.##.........#
#...........#P.(.P#.#####...####
##...###.##.#8.©.8#.# #...#


You could see an electric eel (unable to see you, ally target) and a friendly
iron imp (summoned).

Vanquished Creatures
  2 electric eels (D:3)
  A hound (D:3)
  Jessica (D:3)
  Terence (D:3)
  An orc wizard (D:3)
  2 adders
  2 worms (D:3)
  2 dart slugs (D:3)
  5 orcs
  2 giant cockroaches
  10 goblins
  4 hobgoblins
  8 ball pythons
  2 bats (D:1)
  2 frilled lizards
  5 kobolds
  3 rats
53 creatures vanquished.

Notes
Turn   | Place    | Note
-------+----------+-------------------------------------------
     0 | D:1      | IdlyInterested the Demonspawn Gladiator began the quest for
                  | the Orb.
     0 | D:1      | Reached XP level 1. HP: 16/16 MP: 1/1
   170 | D:1      | Gained mutation: A weak demonic guardian rushes to your
                  | aid. [demonic ancestry]
   170 | D:1      | Reached XP level 2. HP: 22/23 MP: 2/2
   705 | D:2      | Reached skill level 1 in Armour
   817 | D:2      | Reached skill level 3 in Fighting
   817 | D:2      | Gained mutation: You are partially covered in slimy green
                  | scales. (AC +2) [demonic ancestry]
   817 | D:2      | Reached XP level 3. HP: 29/29 MP: 3/3
  1363 | D:3      | Reached skill level 1 in Evocations
  1363 | D:3      | Gained mutation: You have large cloven feet. [demonic
                  | ancestry]
  1363 | D:3      | Reached XP level 4. HP: 35/37 MP: 4/4
  1370 | D:3      | Found a transporter.
  1397 | D:3      | Reached skill level 4 in Fighting
  1474 | D:3      | Reached skill level 1 in Shields
  1566 | D:3      | Found a faded altar of an unknown god.
  1647 | D:3      | Found a transporter.
  1706 | D:3      | Noticed Jessica
  1709 | D:3      | Noticed Terence
  1723 | D:3      | Killed Terence
  1724 | D:3      | Reached XP level 5. HP: 38/43 MP: 5/5
  1728 | D:3      | Killed Jessica
  1729 | D:3      | Reached skill level 1 in Stealth
  2156 | D:3      | Found a stormy altar of Qazlal.
  2244 | D:3      | Reached skill level 5 in Fighting
  2248 | D:3      | Killed from afar by an electric eel

Illustrated notes

Levels and vault maps discovered:
D:1:      minmay_arrival_solitary_statue, layout_rooms, minmay_pentomino_t2
D:2:      layout_basic
D:3:      gammafunk_steamed_eel, layout_loops_ring,
          nicolae_qazlal_eye_of_the_storm,
          shapermc_ecumenical_altar_mp_ritualfount, uniq_jessica, uniq_terence

Skill      XL: |  1  2  3  4  5 |
---------------+----------------+-----
Armour         | 1 |  1.0
Fighting       | 3 4 5 |  5.1
Evocations     | 1 |  1.0
Shields        | 1 |  1.0
Stealth        | 1 |  1.6
Short Blades   | |  2.6
Throwing       | |  1.7
Dodging        | |  2.6

Action                     |  1- 3 |  4- 6 || total
---------------------------+-------+-------++-------
  Melee: Rapier            |   108 |    70 ||   178
         Punch             |     1 |     2 ||     3
         Kick              |       |    15 ||    15
  Throw: Dart              |     4 |     8 ||    12
  Evoke: Wand              |       |     2 ||     2
    Use: Scroll            |       |    13 ||    13
         Potion            |       |     1 ||     1
   Stab: Invisible         |       |     1 ||     1
 Armour: Leather armour    |    13 |       ||    13
         Chain mail        |    40 |    26 ||    66
         Scale mail        |       |     8 ||     8
  Dodge: Dodged            |    55 |    21 ||    76

Table legend: (Time is in decaauts)
 A = Elapsed time spent in this place.
 B = Non-inter-level travel time spent in this place.
 C = Inter-level travel time spent in this place.
 D = Time resting spent in this place.
 E = Time spent auto-exploring this place.
 F = Levels seen in this place.
 G = Mean time per level.
                   A        B        C        D        E       F      G
               +--------+--------+--------+--------+--------+-----+--------+
         Total |   2258 |   1961 |    297 |    158 |   1060 |   3 |  752.7 |
       Dungeon |   2258 |   1961 |    297 |    158 |   1060 |   3 |  752.7 |
               +--------+--------+--------+--------+--------+-----+--------+

Top non-repeatable levels by time:
     D:3: 878 daAuts
     D:2: 742 daAuts
     D:1: 637 daAuts
